 Dungeon Crawl Stone Soup version 0.29-a0-96-g93358da72b (webtiles) character file.

Game seed: 15398904083178806679

3294 lunkers the Spear-Bearer (level 10, -7/80 HPs)
             Began as a Merfolk Gladiator on Feb 10, 2022.
             Was a Follower of Okawaru.
             Killed from afar by a steam dragon (12 damage)
             ... with a ball of steam
             ... on level 7 of the Dungeon.
             The game lasted 00:15:37 (7935 turns).

lunkers the Spear-Bearer (Merfolk Gladiator)        Turns: 7935, Time: 00:15:37

Health: -7/80      AC: 13    Str: 15    XL:     10   Next: 1%
Magic:  10/10      EV: 18    Int:  7    God:    Okawaru [*.....]
Gold:   721        SH:  0    Dex: 20    Spells: 9/9 levels left

rFire   . . .      SeeInvis .   a - +0 halberd
rCold   . . .      Faith    .   (shield currently unavailable)
rNeg    . . .      Spirit   .   e - +3 leather armour
rPois   .          Reflect  .   c - +0 helmet
rElec   .          Harm     .   l - +2 cloak {rCorr}
rCorr   +          Rampage  .   g - +2 pair of gloves
Will    .....                   (no boots)
Stlth   +.........              (no amulet)
HPRegen 0.23/turn               (no ring)
MPRegen 0.12/turn               (no ring)

@: no status effects
A: (nimble swimmer 2), mertail
a: Renounce Religion, Heroism


You were on level 7 of the Dungeon.
You worshipped Okawaru.
Okawaru was aware of your devotion.
You visited 1 branch of the dungeon, and saw 8 of its levels.

You collected 721 gold pieces.

Inventory:

Hand Weapons
 a - a +0 halberd (weapon)
 f - a +2 quarterstaff of chaos
 j - a +0 trident
Missiles
 d - 3 throwing nets
Armour
 c - a +0 helmet (worn)
 e - a +3 leather armour (worn)
 g - a +2 pair of gloves (worn)
 l - a +2 cloak of preservation (worn)
Jewellery
 m - a ring of ice
 y - a ring of ice
Wands
 b - a wand of paralysis (9)
 p - a wand of flame (10)
Scrolls
 h - 3 scrolls of teleportation
 u - a scroll of immolation {unknown}
 v - a scroll of amnesia {unknown}
 x - a scroll of enchant armour {unknown}
Potions
 i - a potion of resistance
 k - 3 potions of heal wounds
 n - 2 potions of attraction
 o - a potion of lignification {unknown}
 q - 2 potions of curing
 r - a potion of berserk rage {unknown}
 s - 2 potions of brilliance
 t - a potion of cancellation {unknown}
 w - 2 potions of ambrosia


   Skills:
 + Level 7.9 Fighting
 * Level 14.4 Polearms
 - Level 2.0 Throwing
 + Level 9.6 Dodging


You had 9 spell levels left.
You didn't know any spells.
Your spell library contained the following spells:

 Spells                   Type           Power      Damage    Failure   Level
 Apportation              Tloc           0%         N/A       50%         1
 Sting                    Tmut/Pois      0%         1d3       50%         1
 Poisonous Vapours        Pois/Air       0%         N/A       65%         2
 Olgreb's Toxic Radiance  Pois           0%         N/A       99%         4
 Animate Skeleton         Necr           Unusable   N/A       N/A         1
 Summon Small Mammal      Summ           Unusable   N/A       N/A         1

Dungeon Overview and Level Annotations

Branches:
Dungeon (8/15)
 Temple: D:4-7         Lair: D:8-11

Altars:
Dithmenos
Elyvilon
Fedhas
Okawaru
Vehumet
Wu Jian

Portals:
Abyss: D:6

Annotations:
D:4 3 runed translucent doors, noodleboyJ's ghost, amateur DrMo
D:6 1 transporter, Cecur's ghost, novice SpWn


Innate Abilities, Weirdness & Mutations

((You are very nimble when in or above water. (Stealth+, EV+, Speed+++)))
Your lower body shifts to a powerful aquatic tail in water.


Message History

You hear an angry buzzing noise.
Reach: a) +0 halberd
Press: ? - help, Dir - move target, f/p - steam dragon
Aim: a steam dragon (catching its breath, about 33% to evade your +0 halberd)
You reach to attack!
You hit the steam dragon.
The steam dragon is lightly wounded.
You are engulfed in a cloud of scalding steam.
You feel sick.
You are no longer poisoned.
The orc closely misses you.
The ogre is engulfed in a cloud of scalding steam.
The ogre completely misses you.
Reach: a) +0 halberd
Press: ? - help, Dir - move target, f/p - steam dragon
Aim: a steam dragon (lightly wounded, catching its breath, about 33% to evade your +0 halberd)
You reach to attack!
You puncture the steam dragon!
The steam dragon is moderately wounded.
You are engulfed in a cloud of scalding steam.
The orc closely misses you.
Reach: a) +0 halberd
Press: ? - help, Dir - move target, f/p - steam dragon
Aim: a steam dragon (moderately wounded, about 33% to evade your +0 halberd)
You reach to attack!
You barely miss the steam dragon.
The steam dragon is moderately wounded.
A puff of flame appears from out of thin air!
Deactivating autopickup; reactivate with Ctrl-A.
The puff of flame misses you.
The ogre is engulfed in a cloud of scalding steam.
The ogre completely misses you. The orc hits you with a +0 mace.
* * * LOW HITPOINT WARNING * * *
Reach: a) +0 halberd
Press: ? - help, Dir - move target, f/p - steam dragon
Aim: a steam dragon (moderately wounded, about 33% to evade your +0 halberd)
You reach to attack!
You barely miss the steam dragon.
The steam dragon is moderately wounded.
The steam dragon breathes steam at you.
The ball of steam hits the orc!
The orc dies!
The ball of steam hits you!
You die...

..#.. ..#.. ......
...... ###....
#5DZ.
###§O##....####
##.#@# #..>....#
#..§§# #......##
#{§.## #.......
#§§.####..o..#
##§§.#......## .
##..........###O.
#..........y....
#..##.##.........
..........>.......y


You could see a steam dragon (catching breath), an ogre, a white imp and a
wyvern zombie.

Vanquished Creatures
  A hornet (D:8)
  4 yaks (D:4)
  Eustachio (D:4)
  2 water moccasins
  3 ogres
  A sky beast (D:5)
  2 necrophages
  A centaur (D:5)
  A kobold brigand (D:8)
  A phantom (D:4)
  A scorpion (D:4)
  A wyvern zombie (D:8)
  A water moccasin skeleton (D:5)
  4 killer bees (D:7)
  5 wights (D:6)
  A jelly (D:4)
  Crazy Yiuf (D:2)
  A centaur skeleton (D:4)
  3 gnoll shamans
  3 bullfrog skeletons
  2 hounds
  4 iguanas
  A killer bee zombie (D:6)
  Robin (D:3)
  18 gnolls
  7 adders
  2 shadow imps (D:5)
  A white imp (D:6)
  2 ufetubi
  An adder skeleton (D:4)
  An adder zombie (D:4)
  3 worms
  8 dart slugs
  10 orcs
  6 ball pythons
  11 endoplasms
  A giant cockroach (D:4)
  12 goblins
  11 hobgoblins
  4 jackals (D:2)
  4 quokkas
  5 bats
  5 frilled lizards
  12 kobolds
  11 rats
181 creatures vanquished.

Vanquished Creatures (others)
  A bullfrog (D:7)
  An orc wizard (D:7)
  An orc (D:7)
3 creatures vanquished.

Grand Total: 184 creatures vanquished

Notes
Turn   | Place    | Note
-------+----------+-------------------------------------------
     0 | D:1      | lunkers the Merfolk Gladiator began the quest for the Orb.
     0 | D:1      | Reached XP level 1. HP: 16/16 MP: 1/1
   284 | D:1      | Reached skill level 5 in Polearms
   284 | D:1      | Reached XP level 2. HP: 13/23 MP: 2/2
   822 | D:1      | Reached XP level 3. HP: 28/28 MP: 3/3
  1175 | D:2      | Found a faded altar of an unknown god.
  1178 | D:2      | Reached skill level 6 in Polearms
  1218 | D:2      | Reached XP level 4. HP: 34/35 MP: 4/4
  1977 | D:2      | Found a runed translucent door.
  1978 | D:2      | Noticed Crazy Yiuf
  2138 | D:2      | Reached XP level 5. HP: 40/41 MP: 5/5
  2415 | D:2      | Killed Crazy Yiuf
  2416 | D:2      | Reached skill level 7 in Polearms
  3316 | D:3      | Noticed Robin
  3322 | D:3      | Killed Robin
  3746 | D:4      | Reached XP level 6. HP: 48/48 MP: 6/6
  3773 | D:4      | Noticed Eustachio
  3787 | D:4      | Reached skill level 5 in Dodging
  3968 | D:4      | Killed Eustachio
  3969 | D:4      | Reached skill level 8 in Polearms
  4255 | D:4      | Reached XP level 7. HP: 55/55 MP: 7/7
  4278 | D:4      | Reached skill level 9 in Polearms
  4337 | D:4      | Found a runed translucent gate.
  4337 | D:4      | Found a runed translucent gate.
  4337 | D:4      | Found a runed translucent gate.
  4338 | D:4      | Noticed noodleboyJ's ghost (amateur DrMo)
  4609 | D:4      | Reached skill level 5 in Fighting
  4980 | D:4      | Reached skill level 10 in Polearms
  5075 | D:4      | Reached XP level 8. HP: 57/62 MP: 8/8
  5245 | D:5      | Entered Level 5 of the Dungeon
  5245 | D:5      | Noticed a yak
  5245 | D:5      | Noticed a yak
  5245 | D:5      | Noticed a yak
  5248 | D:5      | Noticed a yak
  5286 | D:4      | Killed a yak
  5303 | D:4      | Killed a yak
  5304 | D:4      | Reached skill level 11 in Polearms
  5620 | D:4      | Killed a yak
  5633 | D:4      | HP: 1/64 [yak (9)]
  5636 | D:4      | Killed a yak
  5963 | D:5      | Reached skill level 12 in Polearms
  5987 | D:5      | Reached XP level 9. HP: 71/71 MP: 9/9
  6565 | D:5      | Reached skill level 13 in Polearms
  7124 | D:6      | Found an iron altar of Okawaru.
  7124 | D:6      | Found a white marble altar of Elyvilon.
  7129 | D:6      | Found a blossoming altar of Fedhas.
  7135 | D:6      | Found an ornate altar of the Wu Jian Council.
  7137 | D:6      | Found a shadowy altar of Dithmenos.
  7142 | D:6      | Found a radiant altar of Vehumet.
  7249 | D:6      | Became a worshipper of Warmaster Okawaru
  7549 | D:6      | Noticed Cecur's ghost (novice SpWn)
  7550 | D:6      | Found a transporter.
  7550 | D:6      | Found a one-way gate to the infinite horrors of the Abyss.
  7551 | D:6      | Noticed a wizard
  7584 | D:6      | Noticed a toenail golem
  7617 | D:6      | You fall into a shaft and drop 2 floors!
  7665 | D:8      | Noticed a hornet
  7696 | D:8      | Killed a hornet
  7697 | D:8      | Reached skill level 14 in Polearms
  7903 | D:7      | Reached * piety under Okawaru
  7930 | D:7      | Reached XP level 10. HP: 7/80 MP: 10/10
  7934 | D:7      | HP: 4/80 [orc (1)]
  7935 | D:7      | Killed from afar by a steam dragon

Illustrated notes

Levels and vault maps discovered:
D:1:      dpeg_arrival_ratfight, layout_loops_cross, minmay_tripent
D:2:      layout_basic, ebering_ecumenical_altar_ruins, uniq_crazy_yiuf_cottage
D:3:      layout_loops_corners, uniq_robin
D:4:      minmay_polygon_palace, layout_basic, gammafunk_ghost_split,
          chequers_ossuary_entry_cave, grunt_ministairs_10, uniq_eustachio
D:5:      layout_loops_ring, nicolae_figureground_sparkle
D:6:      layout_loops_corners, nicolae_overflow_hallway_of_the_gods,
          gammafunk_ghost_abyssal_escape, feat_on_display, uniq_menkaure,
          uniq_maggie
D:7:      layout_cave_pools, minitemple, minmay_temple_entry_ruins
D:8:      layout_cave_pools, erik_lair_dragon, uniq_gastronok, uniq_psyche

Skill      XL: |  1  2  3  4  5  6  7  8  9 |
---------------+----------------------------+-----
Polearms       | 5 6 7 8 10 12 14 | 14.4
Fighting       | 3 4 5 6 7 |  7.9
Dodging        | 5 6 7 9 |  9.6
Throwing       | |  2.0

Action                   |  1- 3 |  4- 6 |  7- 9 | 10-12 || total
-------------------------+-------+-------+-------+-------++-------
Melee: Trident           |   101 |   136 |   212 |       ||   449
       Punch             |     1 |     4 |     1 |       ||     6
       Quarterstaff      |       |    84 |       |       ||    84
       Halberd           |       |       |   222 |     6 ||   228
  Use: Scroll            |       |     6 |     3 |       ||     9
       Potion            |       |     1 |       |       ||     1
 Stab: Sleeping          |     7 |     2 |     1 |       ||    10
Armor: Leather armour    |    17 |    84 |   127 |     2 ||   230
Dodge: Dodged            |    46 |   185 |   302 |     8 ||   541

Table legend: (Time is in decaauts)
 A = Elapsed time spent in this place.
 B = Non-inter-level travel time spent in this place.
 C = Inter-level travel time spent in this place.
 D = Time resting spent in this place.
 E = Time spent auto-exploring this place.
 F = Levels seen in this place.
 G = Mean time per level.
                   A        B        C        D        E       F      G
               +--------+--------+--------+--------+--------+-----+--------+
         Total |   7863 |   7704 |    159 |   1101 |   5248 |   8 |  982.9 |
       Dungeon |   7863 |   7704 |    159 |   1101 |   5248 |   8 |  982.9 |
               +--------+--------+--------+--------+--------+-----+--------+

Top non-repeatable levels by time:
     D:4: 2137 daAuts
     D:1: 1429 daAuts
     D:3: 1212 daAuts
     D:2: 1144 daAuts
     D:5: 979 daAuts
     D:6: 658 daAuts
     D:8: 258 daAuts
     D:7: 42 daAuts
